 Dungeon Crawl Stone Soup version 0.29-a0-919-gd064cfad1c (webtiles) character file.

Game seed: 276122421788720590

34226 frimble the Carver (level 13, -11/98 HPs)
             Began as a Demonspawn Hedge Wizard on July 27, 2022.
             Was a High Priest of Cheibriados.
             Mangled by a bog body (26 damage)
             ... on level 3 of the Lair of Beasts.
             The game lasted 00:22:28 (14902 turns).

frimble the Carver (Demonspawn Hedge Wizard)       Turns: 14902, Time: 00:22:29

Health: -11/98     AC: 15    Str: 25    XL:     13   Next: 41%
Magic:  17/17      EV: 23    Int: 32    God:    Cheibriados [*****.]
Gold:   1310       SH: 15    Dex: 29    Spells: 14/18 levels left

rFire   . . .      SeeInvis .   c - +2 scimitar (flame)
rCold   . . .      Faith    .   E - +0 kite shield {AC+3}
rNeg    . . .      Spirit   .   D - +2 troll leather armour {Pargi}
rPois   .          Reflect  .   i - +2 helmet
rElec   .          Harm     .   C - +0 cloak {rCorr}
rCorr   +          Rampage  .   n - +0 pair of gloves
Will    +....                   f - +0 pair of boots
Stlth   +++.......              k - amulet of the acrobat
HPRegen 1.06/turn               U - +4 ring of evasion
MPRegen 0.30/turn               s - ring of willpower

@: very slow
A: hooves 1, repulsion field 2, spiny 2, magic regeneration
a: Renounce Religion, Bend Time, Temporal Distortion, Slouch, Step From Time


You were on level 3 of the Lair of Beasts.
You worshipped Cheibriados.
Cheibriados was extremely pleased with you.
You visited 3 branches of the dungeon, and saw 16 of its levels.
You also visited: Sewer and Gauntlet.

You collected 1310 gold pieces.

Inventory:

Hand Weapons
 a - the +8 falchion of the Shore {freeze, rPois rCorr SInv}
   (You found it on level 2 of the Dungeon)

   It freezes those it strikes, dealing additional cold damage.
   It can also slow down cold-blooded creatures.
   rPois:     It protects you from poison.
   SInv:      It lets you see invisible.
   rCorr:     It protects you from acid and corrosion.
 b - the +10 short sword of the Lettuce {freeze, rElec rN+ Int+4}
   (You found it on level 5 of the Dungeon)

   It freezes those it strikes, dealing additional cold damage.
   It can also slow down cold-blooded creatures.
   Int:       It affects your intelligence (+4).
   rElec:     It insulates you from electricity.
   rN:        It protects you from negative energy.
 c - a +2 scimitar of flaming (weapon)
Missiles
 x - 3 javelins
 R - 2 throwing nets
 T - 5 silver javelins
Armour
 f - a +0 pair of boots (worn)
 i - a +2 helmet (worn)
 n - a +0 pair of gloves (worn)
 C - a +0 cloak of preservation (worn)
 D - a +2 troll leather armour (worn) {Pargi}
 E - a +0 kite shield of protection (worn)
 K - a +0 helmet of see invisible
Jewellery
 k - an amulet of the acrobat (around neck)
 o - the ring of Shadows {Umbra +Inv Stlth+}
   (You took it off a minotaur in a Gauntlet)

   [ring of stealth]

   It surrounds you with an aura of shadow, increasing your stealth and reducing
   the accuracy of all others within it.
   +Inv:      It lets you turn invisible.
   Stlth:     It makes you more stealthy.
 s - a ring of willpower (right hand)
 u - a ring of protection from fire
 v - a ring of protection from cold
 A - a ring of wizardry
 B - a ring of magical power
 G - a +6 ring of strength
 P - an amulet of magic regeneration
 Q - a +6 ring of strength
 U - a +4 ring of evasion (left hand)
 V - a ring of willpower
 X - a +4 ring of evasion
 Y - a ring of fire
 Z - the ring "Ybepeliw" {Fly rPois rN+ rCorr EV+4}
   (You found it on level 1 of the Lair of Beasts)

   [ring of evasion]

   EV:        It affects your evasion (+4).
   rPois:     It protects you from poison.
   rN:        It protects you from negative energy.
   Fly:       It grants you flight.
   rCorr:     It protects you from acid and corrosion.
Wands
 y - a wand of roots (2)
 z - a wand of flame (28) (quivered)
 I - a wand of quicksilver (3)
 J - a wand of polymorph (4)
 M - a wand of paralysis (18)
Scrolls
 h - 2 scrolls of identify
 m - 4 scrolls of butterflies
 p - 4 scrolls of amnesia
 t - 8 scrolls of teleportation
 L - a scroll of fear
 N - a scroll of enchant armour
 S - a scroll of silence
 W - a scroll of immolation
Potions
 d - 2 potions of magic
 e - 8 potions of curing
 g - 2 potions of might
 j - 5 potions of attraction
 l - 5 potions of heal wounds
 q - 4 potions of flight
 r - a potion of cancellation
 w - a potion of resistance
 F - a potion of berserk rage
 H - a potion of ambrosia
 O - 2 potions of mutation


   Skills:
 + Level 7.7 Fighting
 - Level 2.6(8.6) Short Blades
 + Level 12.7(12.8) Long Blades
 + Level 5.6 Dodging
 - Level 1.8 Stealth
 + Level 12.7 Shields
 - Level 3.0 Spellcasting
 - Level 1.0 Conjurations
 - Level 1.0 Summonings
 - Level 0.9 Translocations
 - Level 5.6 Invocations
 - Level 6.0 Evocations


You had 14 spell levels left.
You knew the following spells:

 Your Spells              Type           Power      Damage    Failure   Level
a - Blink                 Tloc           20%        N/A       14%         2
b - Passwall              Tmut/Erth      3%         N/A       22%         2

Your spell library contained the following spells:

 Spells                   Type           Power      Damage    Failure   Level
 Magic Dart               Conj           44%        1d5       10%         1
 Freeze                   Ice            16%        1d4       14%         1
 Sandblast                Erth           8%         2d5       14%         1
 Slow                     Hex            16%        N/A       14%         1
 Call Imp                 Summ           11%        N/A       14%         2
 Conjure Flame            Conj/Fire      8%         6-21      34%         3
 Stone Arrow              Conj/Erth      16%        3d8       34%         3
 Mephitic Cloud           Conj/Pois/Air  7%         N/A       36%         3
 Frozen Ramparts          Ice            8%         1d2       38%         3
 Ignite Poison            Fire/Tmut/Pois 4%         N/A       38%         3
 Tukima's Dance           Hex            4%         N/A       38%         3
 Passage of Golubria      Tloc           10%        N/A       67%         4
 Hailstorm                Conj/Ice       8%         3d4       75%         4
 Freezing Cloud           Conj/Ice/Air   3%         6-21      98%         5
 Yara's Violent Unravell  Hex/Tmut       2%         3d3       98%         5


Dungeon Overview and Level Annotations

Branches:
Dungeon (12/15)            Temple (1/1) D:4            Lair (3/5) D:8
  Swamp (0/4) Lair:3       Spider (0/4) Lair:3          Orc (0/2) D:10
  Sewer (visited)         Gauntlet (visited)

Altars:
Cheibriados
Dithmenos
Fedhas
Gozag
Hepliaklqana
Makhleb
Nemelex Xobeh
Okawaru
Qazlal
Ru
Sif Muna
Trog
Uskayaw
Vehumet
Wu Jian
Xom
Yredelemnul

Shops:
D:3 (

Annotations:
D:10 3 runed translucent doors, exclusion: obsidian statue
D:12 3 runed translucent doors, Phlounder's ghost, journeyman DjIE
Lair:3 exclusion: 2 oklob plants


Innate Abilities, Weirdness & Mutations

You have large cloven feet.
You are surrounded by a moderate repulsion field. (EV +3)
You are mostly covered in sharp spines.
You regenerate magic rapidly.


Message History

You slash the bog body! You burn the bog body.
The bog body is moderately damaged.
The swamp worm is struck by your spines.
The swamp worm bites you.
You barely miss the bog body.
The bog body is moderately damaged.
The bog body gestures at you while chanting.
The bolt of cold hits you!! The swamp worm bites you.
You are too injured to fight recklessly!
You are too injured to fight recklessly!
You are too injured to fight recklessly!
You are too injured to fight recklessly!
You are too injured to fight recklessly!
You are too injured to fight recklessly!
You are too injured to fight recklessly!
You are too injured to fight recklessly!
You are too injured to fight recklessly!
You are too injured to fight recklessly!
You are too injured to fight recklessly!
You are too injured to fight recklessly!
You hit the swamp worm. You burn the swamp worm.
The swamp worm is heavily wounded.
The bog body points at you and mumbles some strange words.
The bolt of cold hits you!!
* * * LOW HITPOINT WARNING * * *
You block the swamp worm's attack.
You slice the swamp worm!! You burn the swamp worm!
You kill the swamp worm!
Cheibriados thoroughly appreciates the change of pace.
The bog body casts a spell at you. You resist with almost no effort.
You completely miss the bog body.
The bog body is moderately damaged.
The electric eel shoots out a bolt of lightning at you!
The bolt of electricity hits you!
* * * LOW HITPOINT WARNING * * *
The bog body touches you.
* * * LOW HITPOINT WARNING * * *
The bog body freezes you!!
You die...

##........# ##.## ###.
#........P# #...# #.. #..##.....#
#P..# ###### ##<. ...####...#
♣#..###.##.###..^ ...# #.#..#
♣♣♣......##.#..# ...#####♣♣♣♣♣
♣♣♣♣♣♣♣♣♣♣♣.......# ....# ≈ ≈≈
≈≈≈≈♣≈≈≈≈♣♣♣.....# ....##
§.§.♣.♣...♣.......⌠....# .....##♣
§>....†@....♣.....⌠.....
.......♣♣§≈S♣≈≈≈n≈≈≈≈≈≈≈♣♣♣......
........♣♣♣♣♣♣♣♣♣♣♣♣♣♣♣♣♣.......)
...###......♣♣♣♣♣♣♣ ..........#.
....###>...?..♣...# .###......
..†..#.#..........# ###...###.
.............#...### ##....###..
)..................# #.#..####..
.........#.#.......####....##....


You could see a bog body and an electric eel.

Vanquished Creatures
  A minotaur (Gauntlet)
  An ettin (D:12)
  Fannar (D:12)
  Harold (D:9)
  2 hydras
  4 two-headed ogres
  A bog body (Lair:3)
  6 elephants (Lair:3)
  2 cyclopes (D:12)
  3 black mambas
  Maurice (D:8)
  A gargoyle (D:11)
  5 cane toads
  A demonic crawler (Lair:3)
  A kobold demonologist (D:12)
  An efreet (D:11)
  Psyche (D:9)
  Maggie (D:8)
  An unseen horror (D:12)
  10 komodo dragons
  7 trolls
  A hornet (D:10)
  A raiju (Gauntlet)
  17 blink frogs
  3 wyverns
  A centaur simulacrum (D:12)
  10 shadows
  2 wraiths
  5 basilisks
  2 fire bats (Gauntlet)
  12 yaks
  4 steam dragons
  3 vampire mosquitoes
  2 swamp worms (Lair:3)
  3 acid dragons
  5 water moccasins
  Pargi (Sewer)
  3 ice beasts
  A swamp drake (D:8)
  A sky beast (D:8)
  A black bear (D:5)
  3 centaurs
  7 ogres
  2 phantoms
  3 kobold brigands
  14 bullfrogs
  14 scorpions
  2 gnoll sergeants
  A necrophage (D:6)
  10 wights
  7 howler monkeys
  3 jellies
  5 orc priests
  A hound (D:6)
  Crazy Yiuf (D:4)
  5 iguanas
  7 orc wizards
  Robin (D:4)
  7 gnolls
  11 adders
  A shadow imp (D:6)
  3 worms
  2 dart slugs
  25 orcs
  8 endoplasms
  8 giant cockroaches
  19 goblins
  7 hobgoblins
  3 jackals (D:3)
  17 kobolds
  3 quokkas
  10 ball pythons
  10 bats
  3 frilled lizards
  3 rats
356 creatures vanquished.

Vanquished Creatures (collateral kills)
  A deep elf pyromancer (D:12)
1 creature vanquished.

Vanquished Creatures (others)
  An orc warrior (D:9)
  An orc wizard (D:9)
  An orc (D:9)
  23 fungi
  18 plants
44 creatures vanquished.

Grand Total: 401 creatures vanquished

Notes
Turn   | Place    | Note
-------+----------+-------------------------------------------
     0 | D:1      | frimble the Demonspawn Hedge Wizard began the quest for the
                  | Orb.
     0 | D:1      | Reached XP level 1. HP: 13/13 MP: 4/4
   233 | D:1      | Found a faded altar of an unknown god.
   256 | D:1      | Reached skill level 1 in Short Blades
   320 | D:1      | Gained mutation: You are surrounded by a mild repulsion
                  | field. (EV +2) [demonic ancestry]
   320 | D:1      | Reached XP level 2. HP: 19/19 MP: 6/6
  1136 | D:1      | Gained mutation: You regenerate magic rapidly. [demonic
                  | ancestry]
  1136 | D:1      | Reached XP level 3. HP: 23/24 MP: 7/7
  1774 | D:2      | Identified the +8 falchion of the Shore {freeze, rPois
                  | rCorr SInv}
  2950 | D:3      | Reached skill level 1 in Fighting
  2984 | D:3      | Found Mapsen's Weapon Boutique.
  3325 | D:3      | Found a burning altar of Makhleb.
  3325 | D:3      | Noticed a cacodemon
  3462 | D:3      | Reached XP level 4. HP: 32/32 MP: 8/8
  3520 | D:3      | Reached skill level 1 in Long Blades
  4023 | D:4      | Reached XP level 5. HP: 22/38 MP: 9/9
  4191 | D:4      | Noticed a phantom
  4201 | D:4      | Killed a phantom
  4254 | D:4      | Learned a level 2 spell: Blink
  4257 | D:4      | Learned a level 2 spell: Passwall
  4334 | D:4      | Found a shimmering blue altar of Sif Muna.
  4345 | D:4      | Noticed Robin
  4396 | D:4      | Killed Robin
  4406 | D:4      | Gained mutation: You are partially covered in sharp spines.
                  | [demonic ancestry]
  4406 | D:4      | Reached XP level 6. HP: 16/47 MP: 10/10
  4693 | D:4      | Found a staircase to the Ecumenical Temple.
  4901 | D:4      | Found a runed translucent door.
  4902 | D:4      | Noticed Crazy Yiuf
  4910 | D:4      | Killed Crazy Yiuf
  5058 | D:5      | Entered Level 5 of the Dungeon
  5160 | D:5      | Identified the +10 short sword of the Lettuce {freeze,
                  | rElec rN+ Int+4}
  5185 | D:5      | Found a glowing drain.
  5190 | Sewer    | Entered a sewer
  5228 | Sewer    | Noticed Pargi
  5242 | Sewer    | Killed Pargi
  5243 | Sewer    | Reached XP level 7. HP: 44/55 MP: 11/11
  5693 | D:5      | Reached skill level 5 in Fighting
  5821 | D:5      | Reached skill level 1 in Shields
  5848 | D:5      | Reached skill level 5 in Long Blades
  5930 | Temple   | Entered the Ecumenical Temple
  6222 | Temple   | Became a worshipper of Cheibriados the Contemplative
  6435 | D:6      | Reached XP level 8. HP: 51/62 MP: 12/12
  6622 | D:6      | Reached * piety under Cheibriados
  7353 | D:7      | Reached skill level 5 in Shields
  7642 | D:7      | Gained mutation: You have large cloven feet. [demonic
                  | ancestry]
  7642 | D:7      | Reached XP level 9. HP: 53/68 MP: 13/13
  7751 | D:8      | Reached ** piety under Cheibriados
  7788 | D:8      | Noticed Maurice
  7800 | D:8      | Killed Maurice
  8100 | D:8      | Noticed a komodo dragon
  8118 | D:8      | Reached skill level 1 in Evocations
  8129 | D:8      | Killed a komodo dragon
  8130 | D:8      | Reached XP level 10. HP: 69/74 MP: 14/14
  8146 | D:8      | Found a staircase to the Lair.
  8327 | D:8      | Reached *** piety under Cheibriados
  8399 | D:8      | Noticed Maggie
  8418 | D:8      | Killed Maggie
  8940 | D:9      | Noticed a two-headed ogre
  8950 | D:9      | Killed a two-headed ogre
  8951 | D:9      | Reached skill level 5 in Evocations
  8990 | D:9      | Noticed Harold
  9003 | D:9      | Killed Harold
  9003 | D:9      | Reached **** piety under Cheibriados
  9098 | D:9      | Noticed a two-headed ogre
  9099 | D:9      | Noticed a two-headed ogre
  9110 | D:9      | Killed a two-headed ogre
  9114 | D:9      | Killed a two-headed ogre
  9115 | D:9      | Reached skill level 10 in Shields
  9115 | D:9      | Gained mutation: You are mostly covered in sharp spines.
                  | [demonic ancestry]
  9115 | D:9      | Reached XP level 11. HP: 20/79 MP: 13/15
  9408 | D:9      | Identified the +0 pair of boots of the Ecumenical Temple
                  | {Rampage SInv Stlth-}
  9552 | D:9      | Noticed Psyche
  9558 | D:9      | Killed Psyche
  9984 | D:10     | Entered Level 10 of the Dungeon
 10067 | D:10     | Found a runed translucent door.
 10083 | D:10     | Found a runed translucent door.
 10094 | D:10     | Found a runed translucent door.
 10118 | D:10     | Found a runed translucent door.
 10129 | D:10     | Noticed Lodul
 10130 | D:10     | Noticed Lodul
 10130 | D:10     | Lodul changed into Lodul the hornet
 10136 | D:10     | Killed Lodul the hornet
 10148 | D:10     | Reached ***** piety under Cheibriados
 10236 | D:10     | Found a staircase to the Orcish Mines.
 10278 | D:10     | Noticed an obsidian statue
 10805 | D:11     | Noticed a boulder beetle
 10869 | D:12     | Reached skill level 10 in Long Blades
 10950 | D:12     | Noticed a two-headed ogre
 10951 | D:12     | Noticed a deep elf pyromancer
 10956 | D:12     | Killed a deep elf pyromancer
 10969 | D:12     | Noticed a boulder beetle
 10990 | D:12     | Killed a two-headed ogre
 10996 | D:12     | Gained mutation: You are surrounded by a moderate repulsion
                  | field. (EV +3) [demonic ancestry]
 10996 | D:12     | Reached XP level 12. HP: 26/86 MP: 16/16
 11008 | D:12     | Reached skill level 5 in Invocations
 11012 | D:12     | Found a gate leading to a gauntlet.
 11018 | Gauntlet | Entered a Gauntlet
 11018 | Gauntlet | Found a transporter.
 11044 | Gauntlet | Found a transporter.
 11046 | Gauntlet | Found a transporter.
 11057 | Gauntlet | Found a transporter.
 11060 | Gauntlet | Found a transporter.
 11071 | Gauntlet | Found a transporter.
 11087 | Gauntlet | Found a transporter.
 11094 | Gauntlet | Noticed a great orb of eyes
 11098 | Gauntlet | Found a transporter.
 11110 | Gauntlet | Found a transporter.
 11124 | Gauntlet | Found a transporter.
 11135 | Gauntlet | Found a transporter.
 11135 | Gauntlet | Found a transporter.
 11178 | Gauntlet | Found a transporter.
 11195 | Gauntlet | Found a transporter.
 11351 | Gauntlet | Identified the +0 pair of boots of Tocamas {-Tele Str+3
                  | Int+8}
 11379 | Gauntlet | Identified the +7 war axe of Linearity {vorpal, rF+ Will++}
 11379 | Gauntlet | Noticed a minotaur
 11468 | Gauntlet | Killed a minotaur
 11640 | D:12     | Found a runed translucent gate.
 11641 | D:12     | Found a runed translucent gate.
 11659 | D:12     | Identified the +1 helmet of Jeoxeac {-Tele Will- rCorr
                  | Str+8}
 11670 | D:12     | Found a runed translucent gate.
 11676 | D:12     | Noticed Phlounder's ghost (journeyman DjIE)
 11689 | D:12     | Noticed Fannar
 11718 | D:12     | Killed Fannar
 11966 | D:12     | Noticed an ettin
 11966 | D:12     | a boulder beetle changed into an ettin
 11980 | D:12     | Killed an ettin
 12395 | Lair:1   | Entered Level 1 of the Lair of Beasts
 12432 | Lair:1   | Noticed an eight-headed hydra
 12438 | Lair:1   | Killed a five-headed hydra
 12814 | Lair:1   | Identified the ring "Ybepeliw" {Fly rPois rN+ rCorr EV+4}
 13309 | Lair:2   | Found a snail-covered altar of Cheibriados.
 13421 | Lair:2   | Reached XP level 13. HP: 84/95 MP: 17/17
 14048 | Lair:3   | Reached skill level 5 in Dodging
 14114 | Lair:3   | Found a blossoming altar of Fedhas.
 14244 | Lair:3   | Found a hole to the Spider Nest.
 14897 | Lair:3   | Found a staircase to the Swamp.
 14902 | Lair:3   | Mangled by a bog body

Illustrated notes

Levels and vault maps discovered:
D:1:      psy_arrival_radial02, layout_loops_ring,
          chequers_ecumenical_altar_island
D:2:      layout_basic
D:3:      layout_basic, makhleb_altar_promises_db, serial_shops,
          nicolae_shop_statue_plus
D:4:      layout_cave_pools, lemuel_crystal_altar,
          minmay_temple_entry_from_below_a, serial_column_ruins,
          column_ruins_hut_ruined, column_ruins_grid_1, column_ruins_open_small,
          column_ruins_columns_corner, column_ruins_open_tiny,
          column_ruins_grid_1, column_ruins_corridor_straight,
          minmay_misc_feat_four_crosses, uniq_crazy_yiuf_cottage, uniq_robin
D:5:      layout_loops_cross, gup_sewer_entry_bowl
D:6:      layout_loops_corners
D:7:      layout_layer_cave
D:8:      old_forge, layout_basic, erik_lair_dragon, uniq_maggie, uniq_maurice
D:9:      layout_irregular_city, minmay_misc_feat_nine_boxes,
          wad_floor_pattern_untrapped, kennysheep_kite_vault, uniq_harold,
          uniq_psyche
D:10:     layout_cross, orc_0_dummy, minmay_statue_crystal_thing, uniq_lodul
D:11:     layout_gridville, minmay_quadrilaterals
D:12:     layout_basic, gauntlet_entry_generic, gammafunk_ghost_spectres,
          lightli_fourway_metalbox, uniq_fannar
Temple:   mainiacjoe_temple_cubbyholes
Lair:1:   layout_loops_ring
Lair:2:   layout_cave_pods, basic_altar, lemuel_fruit_tree
Lair:3:   beast_lair_carwin_large_1, layout_layer_cave,
          nicolae_swamp_entry_splash_gauntlet, nicolae_spider_entry_non_spiders,
          serial_forest, infiniplex_forest_fountain, infiniplex_forest_end_2,
          infiniplex_forest_zigzag_1, infiniplex_forest_lined_room_3,
          nicolae_volcano_entry_hallway, hangedman_tree_tricks

Skill      XL: |  1  2  3  4  5  6  7  8  9 10 11 12 13 |
---------------+----------------------------------------+-----
Short Blades   | 1 2 |  2.6
Fighting       | 1 2 3 4 5 6 7 |  7.7
Long Blades    | 1 2 4 5 7 8 10 12 | 12.7
Shields        | 2 5 7 10 12 | 12.7
Evocations     | 2 6 |  6.0
Invocations    | 4 5 |  5.6
Dodging        | 4 5 |  5.6
Stealth        | |  1.8
Spellcasting   | |  3.0
Conjurations   | |  1.0
Summonings     | |  1.0
Translocations | |  0.9

Action                   |  1- 3 |  4- 6 |  7- 9 | 10-12 | 13-15 || total
-------------------------+-------+-------+-------+-------+-------++-------
Melee: Dagger            |   100 |       |       |       |       ||   100
       Falchion          |    23 |   108 |   223 |   347 |       ||   701
       Punch             |       |       |     1 |       |       ||     1
       Short sword       |       |       |       |    52 |       ||    52
       Scimitar          |       |       |       |    89 |   132 ||   221
 Cast: Magic Dart        |     2 |       |       |       |       ||     2
       Blink             |       |     2 |     1 |     6 |     1 ||    10
Invok: Slouch            |       |       |       |     1 |     2 ||     3
       Step From Time    |       |       |       |     1 |       ||     1
Evoke: Wand              |       |       |     1 |    31 |       ||    32
  Use: Scroll            |     7 |       |     6 |    18 |     1 ||    32
       Potion            |       |     1 |       |     2 |     1 ||     4
 Stab: Sleeping          |     7 |     2 |     3 |     6 |     1 ||    19
       Distracted        |       |       |       |       |     2 ||     2
       Invisible         |       |       |       |       |     2 ||     2
Armor: Robe              |    21 |    28 |       |       |       ||    49
       Troll leather arm |       |       |    41 |    90 |    32 ||   163
       Skin              |       |       |     2 |       |       ||     2
Dodge: Dodged            |    71 |   113 |   123 |   315 |   133 ||   755
Block: Kite shield       |       |       |    61 |   363 |   131 ||   555

Table legend: (Time is in decaauts)
 A = Elapsed time spent in this place.
 B = Non-inter-level travel time spent in this place.
 C = Inter-level travel time spent in this place.
 D = Time resting spent in this place.
 E = Time spent auto-exploring this place.
 F = Levels seen in this place.
 G = Mean time per level.
                   A        B        C        D        E       F      G
               +--------+--------+--------+--------+--------+-----+--------+
         Total |  20123 |  18728 |   1395 |     78 |  15513 |  18 | 1117.9 |
       Dungeon |  14113 |  12866 |   1247 |     11 |  10712 |  12 | 1176.1 |
        Temple |    338 |    241 |     97 |      0 |    239 |   1 |  338.0 |
          Lair |   4476 |   4426 |     50 |      0 |   3788 |   3 | 1492.0 |
         Sewer |    209 |    209 |      0 |     21 |    115 |   1 |  209.0 |
      Gauntlet |    986 |    986 |      0 |     46 |    658 |   1 |  986.0 |
               +--------+--------+--------+--------+--------+-----+--------+

Top non-repeatable levels by time:
     D:8: 1791 daAuts
  Lair:2: 1700 daAuts
     D:9: 1560 daAuts
  Lair:3: 1541 daAuts
     D:1: 1495 daAuts
    D:12: 1427 daAuts
     D:3: 1245 daAuts
  Lair:1: 1234 daAuts
     D:2: 1228 daAuts
     D:6: 1223 daAuts
     D:4: 1113 daAuts
Gauntlet: 986 daAuts
    D:11: 890 daAuts
     D:7: 795 daAuts
     D:5: 763 daAuts
